[Event "*** Titled Tuesday 3|2 Blitz"]
[Site "Chess.com"]
[Date "2017.06.06"]
[Round "7"]
[White "heartofatiger"]
[Black "TomsKantans"]
[Result "1-0"]
[WhiteElo "2394"]
[BlackElo "2460"]
[TimeControl "180+2"]
[EndTime "15:20:26 PDT"]
[Termination "heartofatiger won on time"]

1. d4 Nf6 2. Nf3 g6 3. c4 Bg7 4. Nc3 d5 5. cxd5 Nxd5 6. e4 Nxc3 7. bxc3 c5 8. Be3 Qa5 9. Qd2 O-O 10. Rb1 Rd8 11.
Rb5 Qa3 12. Bc4 a6 13. Rb3 Qa4 14. Bd5 Nc6 15. O-O e6 16. Bxc6 Qxc6 17. Re1 b5 18. Bg5 Rd7 19. Qf4 cxd4 20. cxd4 Bb7 21. Ne5 Bxe5 22.
dxe5 Qc5 23. Qf6 Qf8 24. Rh3 Qg7 25. Qf4 Rd4 26. Bf6 1-0

[Event "*** Titled Tuesday 3|2 Blitz"]
[Site "Chess.com"]
[Date "2017.06.06"]
[Round "7"]
[White "PaulfromSPb"]
[Black "DanielNaroditsky"]
[Result "0-1"]
[WhiteElo "2586"]
[BlackElo "2754"]
[TimeControl "180+2"]
[EndTime "15:20:44 PDT"]
[Termination "DanielNaroditsky won by resignation"]

1. e4 e5 2. Nf3 Nc6 3. Bc4 Bc5 4. O-O Nf6 5. d3 a6 6. c3 Ba7 7. Bb3 d6 8. h3 h6 9. Re1 g5 10. Nh2 Rg8 11. Be3 g4 12. Bxa7 gxh3 13. g3 Rxa7 14. Nd2 h5 15. Ndf3 Ng4 16. Qd2 Qf6 17. Nh4 Ne7 18.
f3 Nh6 19. Kf2 Qxh4 20. gxh4 Rg2+ 21. Ke3 Nhf5+ 22. exf5 Nxf5+ 23. Ke4 Rxd2 24. Nf1 Rxb2 25. f4 h2 26. Ne3 Nxh4 27. fxe5 dxe5 28. Kxe5 Nf3+ 29.
Kf6 Nxe1 30. Rxe1 Rf2+ 31. Kg7 Be6 32. d4 Re2 33. Rxe2 h1=Q 34. d5 Qg1+ 35. Kh8 Kf8 36. Ng2 Qf1 0-1

[Event "*** Titled Tuesday 3|2 Blitz"]
[Site "Chess.com"]
[Date "2017.06.06"]
[Round "7"]
[White "IIIlllII1llIl"]
[Black "yosephtaher"]
[Result "1-0"]
[WhiteElo "2528"]
[BlackElo "2556"]
[TimeControl "180+2"]
[EndTime "15:20:46 PDT"]
[Termination "IIIlllII1llIl won by resignation"]

1. e4 c6 2. d4 d5 3. Nc3 dxe4 4. Nxe4 Nf6 5. Nxf6+ exf6 6. Nf3 Bd6 7. Be2 O-O 8. O-O Bg4 9. c4 Qc7 10. h3 Bh5 11. Nh4 Bg6 12. Nxg6 hxg6 13. Qb3 Nd7 14. c5 Be7 15. Re1 Rfe8 16. Bc4 Ne5 17. Bf4 g5 18. Bxf7+ Kf8 19. Bxe5 fxe5 20. Bxe8 Rxe8 21. Rxe5 Rd8 22. Qg3 Qd7 23. Rd1 Bf6 24. Rxg5 Bxg5 25. Qxg5 Re8 26.
d5 cxd5 27. Rxd5 Qc7 28. f4 Kg8 29. Kh2 Qc6 30. b3 Qc7 31. a4 a5 32. Rd6 Rf8 33. Qd5+ Kh8 34. Qe5 Qf7 35. Rb6 Rd8 36. Rh6+ Kg8 37.
Rd6 Re8 38. Qd5 Qxd5 39. Rxd5 Re3 40. b4 axb4 41. Rd7 Re4 42. Kg3 Re3+ 43. Kg4 Ra3 44. Rxb7 Rxa4 45. c6 1-0

[Event "*** Titled Tuesday 3|2 Blitz"]
[Site "Chess.com"]
[Date "2017.06.06"]
[Round "7"]
[White "TheLancer"]
[Black "anon102030"]
[Result "0-1"]
[WhiteElo "2420"]
[BlackElo "2581"]
[TimeControl "180+2"]
[EndTime "15:20:49 PDT"]
[Termination "anon102030 won by resignation"]

1. e4 e5 2. Nf3 Nc6 3. d4 exd4 4.
Bc4 Nf6 5. e5 d5 6. Bb5 Ne4 7.
Nxd4 Bd7 8. Bxc6 bxc6 9. O-O Be7 10. f3 Nc5 11. Be3 O-O 12. f4 f6 13. Nd2 Rb8 14.
N4b3 Na4 15. Rb1 fxe5 16. fxe5 c5 17. Rxf8+ Bxf8 18. c4 d4 19. Bf2 Qg5 20. Nf3 Qh5 21. h3 Be7 22. Qd2 Bxh3 23. Qa5 Qg6 24. Ne1 Qxb1 25.
gxh3 Nxb2 26. Qxc7 Qg6+ 27. Kf1 Re8 28. Nxc5 d3 29. Nb3 Qh5 30. Qd7 Qe2+ 31. Kg2 Rf8 32. Qd5+ Kh8 33. Nf3 Nd1 0-1

[Event "*** Titled Tuesday 3|2 Blitz"]
[Site "Chess.com"]
[Date "2017.06.06"]
[Round "7"]
[White "axvesik"]
[Black "kleinebeer98"]
[Result "0-1"]
[WhiteElo "2354"]
[BlackElo "2460"]
[TimeControl "180+2"]
[EndTime "15:20:49 PDT"]
[Termination "kleinebeer98 won by resignation"]

1. e4 e5 2. Nf3 Nc6 3. Bb5 f5 4. d3 fxe4 5. dxe4 Nf6 6. O-O d6 7.
Nc3 Be7 8. Be3 O-O 9. Bc4+ Kh8 10. Ng5 Qe8 11. Ne6 Bxe6 12. Bxe6 Nh5 13. Nd5 Bd8 14. Bg4 Nf4 15. g3 Nxd5 16. exd5 Ne7 17. c4 b6 18. Qd3 Qg6 19. Qxg6 Nxg6 20. b4 a5 21. a3 e4 22. Rab1 Ne5 23. Be2 axb4 24.
axb4 Ra2 25. Rfe1 h6 26. c5 Bg5 27. Bd4 Rxe2 28. Rxe2 Nf3+ 29. Kg2 Nxd4 30. Rxe4 bxc5 31. bxc5 dxc5 32. Rb7 Bd8 33. Re3 Nf5 34. Rc3 Nd6 35. Rb8 c4 36. Ra8 Kh7 37. f4 Be7 38. Ra7 Bf6 39.
Rc2 Rc8 40. Kf2 Bd4+ 41. Kf3 Bxa7 0-1

[Event "*** Titled Tuesday 3|2 Blitz"]
[Site "Chess.com"]
[Date "2017.06.06"]
[Round "7"]
[White "nurmiTV"]
[Black "andreimacovei2000"]
[Result "1/2-1/2"]
[WhiteElo "2456"]
[BlackElo "2383"]
[TimeControl "180+2"]
[EndTime "15:20:50 PDT"]
[Termination "Game drawn by agreement"]

1. c4 e5 2. Nc3 Bb4 3. Nd5 Be7 4.
Nf3 d6 5. d4 exd4 6. Nxd4 Nf6 7. Nxe7 Qxe7 8. g3 Nc6 9. Bg2 Bd7 10. O-O O-O 11. Nb5 Rac8 12. b3 a6 13. Nc3 Rfe8 14. Bb2 Qe5 15. Re1 Qh5 16. Nd5 Nxd5 17. Qxd5 Qxd5 18.
cxd5 Nb4 19. Rac1 Nxa2 20. Rc4 a5 21. Ba3 Bb5 22. Rc2 Nb4 23. Bxb4 axb4 24. Bh3 Rb8 25. Rxc7 Bxe2 26. Bd7 Re4 27. Bc8 b6 28. Bf5 Re5 29. Bd7 Bf3 30. Rxe5 dxe5 31. Bc6 Rd8 32. d6 Bxc6 33.
Rxc6 f5 34. Rxb6 Kf7 35. Rxb4 Rxd6 36. Kf1 Kf6 37. h4 e4 38. Ke2 Kg6 39. Rb7 Kh6 40.
b4 Ra6 41. b5 Ra2+ 42. Ke3 Ra3+ 43. Ke2 Ra2+ 44. Kf1 Ra1+ 45. Kg2 Ra2 46. Re7 Rb2 47.
Re6+ g6 48. b6 e3 1/2-1/2

[Event "*** Titled Tuesday 3|2 Blitz"]
[Site "Chess.com"]
[Date "2017.06.06"]
[Round "7"]
[White "Batica1984"]
[Black "Gordima"]
[Result "1-0"]
[WhiteElo "2545"]
[BlackElo "2527"]
[TimeControl "180+2"]
[EndTime "15:21:01 PDT"]
[Termination "Batica1984 won by resignation"]

1. e4 c5 2. Nc3 e6 3. Nf3 a6 4. d4 cxd4 5. Nxd4 Qc7 6. Qf3 Nf6 7. Bg5 Be7 8. O-O-O Nc6 9. Nxc6 bxc6 10. Bd3 e5 11. Bc4 d6 12. h3 Be6 13. Bb3 Bxb3 14. axb3 O-O 15. g4 a5 16. Kb1 Rfb8 17. Rd3 Rb4 18. Rhd1 Ne8 19. Bd2 Qb7 20. Na4 Rb5 21. c4 Rb6 22. Nxb6 Qxb6 23. Be3 c5 24. Qf5 Qc6 25. g5 Nc7 26. f4 g6 27. Qg4 a4 28. fxe5 axb3 29. Rxb3 Ne6 30. exd6 Bxd6 31. Rd5 Qa6 32. Ra3 Qxc4 33. Rxa8+ Bf8 34. Rd1 h5 35. gxh6 Kh7 36.
Rxf8 Nxf8 37. e5 Qb3 38. Bc1 Ne6 39. Qe2 Nd4 40. Qd3 Qa4 41. Be3 Nb3 42. e6 c4 43. Qd7 1-0

[Event "*** Titled Tuesday 3|2 Blitz"]
[Site "Chess.com"]
[Date "2017.06.06"]
[Round "7"]
[White "gmcorrales"]
[Black "Hamisandwich"]
[Result "1-0"]
[WhiteElo "2551"]
[BlackElo "2454"]
[TimeControl "180+2"]
[EndTime "15:21:03 PDT"]
[Termination "gmcorrales won by checkmate"]

1. e4 g6 2. d4 Bg7 3. Nc3 c6 4. f4 d5 5. e5 Nh6 6. Nf3 O-O 7. Be3 Bg4 8. h3 Bxf3 9. Qxf3 f6 10. exf6 exf6 11. Bd3 f5 12. O-O-O Nd7 13. g4 Nb6 14. g5 Nf7 15. h4 Nd6 16. h5 Kf7 17. Kb1 Nbc4 18. Nxd5 Re8 19. Bc1 Qa5 20. hxg6+ hxg6 21. Nf6 Bxf6 22. gxf6 Qd5 23. Rh7+ Kxf6 24. Qg3 Qg8 25.
Qg5+ Ke6 26. Rxb7 Kd5 27. b3 Ne3 28. c4+ Kxd4 29. Bb2+ Kc5 30. b4# 1-0

[Event "*** Titled Tuesday 3|2 Blitz"]
[Site "Chess.com"]
[Date "2017.06.06"]
[Round "7"]
[White "Squirlolz"]
[Black "Aikiigm"]
[Result "1-0"]
[WhiteElo "2353"]
[BlackElo "2416"]
[TimeControl "180+2"]
[EndTime "15:21:20 PDT"]
[Termination "Squirlolz won by resignation"]

1. e4 e6 2. d4 d5 3. Nd2 dxe4 4.
Nxe4 Bd7 5. Nf3 Bc6 6. Bd3 Nd7 7. c3 Ngf6 8. Nxf6+ Nxf6 9. Bf4 Bd6 10. Ne5 Bxe5 11.
Bxe5 Qd5 12. Qe2 O-O-O 13. f3 Rhg8 14. Bxf6 gxf6 15. Bxh7 Rh8 16. Be4 Qd6 17. Bxc6 Qxc6 18. O-O-O Rd5 19. h4 Ra5 20. Kb1 f5 21. h5 f4 22. h6 Qd5 23. a3 Qg5 24. h7 Qg6+ 25.
Qe4 Rf5 26. Ka2 c6 27. Rh4 Rxh7 28. Rxf4 Rxf4 29. Qxf4 Qxg2 30. Rd2 Qg6 31. Rh2 Rxh2 32. Qxh2 Qf5 33. Qg3 a5 34. f4 a4 35. Qe3 Qd5+ 36.
Ka1 f6 37. Qh3 Qf5 38. Qxf5 exf5 39. Kb1 Kd7 40. Kc2 b5 41. c4 Kd6 42. Kc3 Kc7 43.
Kb4 Kb6 44. cxb5 cxb5 45. d5 Ka6 46. Kc5 1-0

[Event "*** Titled Tuesday 3|2 Blitz"]
[Site "Chess.com"]
[Date "2017.06.06"]
[Round "7"]
[White "Federtiu"]
[Black "GMNeiksans"]
[Result "0-1"]
[WhiteElo "2448"]
[BlackElo "2683"]
[TimeControl "180+2"]
[EndTime "15:21:21 PDT"]
[Termination "GMNeiksans won by resignation"]

1. c4 e5 2. Nc3 Nf6 3. Nf3 Nc6 4.
e3 Be7 5. d4 exd4 6. Nxd4 O-O 7. Be2 Nxd4 8. Qxd4 b6 9. Bf3 Rb8 10. b3 Bb7 11. Bb2 Bc5 12. Qd3 Qe7 13. O-O-O Ba3 14. Bxb7 Rxb7 15. Nd5 Nxd5 16. Qxd5 c6 17. Qf5 b5 18. cxb5 cxb5 19. Kb1 Bxb2 20. Kxb2 a5 21. Rd4 a4 22. b4 Rc8 23. Rc1 a3+ 24. Kb1 Rxc1+ 25.
Kxc1 g6 26. Qc5 Qd8 27. Kd2 Rc7 28. Qxb5 Qc8 29. Qd3 h5 30. Ke2 Rc2+ 31. Kf3 Qc6+ 32. e4 Rc3 0-1

[Event "*** Titled Tuesday 3|2 Blitz"]
[Site "Chess.com"]
[Date "2017.06.06"]
[Round "7"]
[White "GameOverBro"]
[Black "djano"]
[Result "1-0"]
[WhiteElo "2244"]
[BlackElo "2322"]
[TimeControl "180+2"]
[EndTime "15:21:32 PDT"]
[Termination "GameOverBro won by resignation"]

1. e4 e6 2. d4 d5 3. Nd2 Nf6 4.
e5 Nfd7 5. Ngf3 c5 6. c3 Nc6 7. Bd3 a5 8. O-O cxd4 9. cxd4 a4 10. Re1 g5 11. h3 h5 12. Nf1 g4 13. hxg4 hxg4 14.
Ng5 Qb6 15. Be3 Bb4 16. Nd2 g3 17. Qf3 gxf2+ 18. Qxf2 Nd8 19. Rad1 Bxd2 20. Rxd2 Qb4 21. a3 Qe7 22. Rc1 Rg8 23. Rdc2 Nc6 24. Qf4 Nb6 25. Rf1 Rxg5 26. Qxg5 Qxg5 27. Bxg5 Nxd4 28. Rc7 Bd7 29. Rxb7 Nc4 30. Bxc4 dxc4 31. Rd1 Bc6 32. Rc7 Ne2+ 33. Kf2 Ng3 34. Bh4 Ne4+ 35. Ke3 Bd5 36. Bf6 Rb8 37. Rh1 Rb3+ 38. Kf4 Nxf6 39. Rh8+ 1-0

[Event "*** Titled Tuesday 3|2 Blitz"]
[Site "Chess.com"]
[Date "2017.06.06"]
[Round "7"]
[White "TenisMaster"]
[Black "GMHess"]
[Result "1-0"]
[WhiteElo "2684"]
[BlackElo "2626"]
[TimeControl "180+2"]
[EndTime "15:21:40 PDT"]
[Termination "TenisMaster won by resignation"]

1. e4 e5 2. Nf3 Nc6 3. Bb5 Nf6 4. d3 d6 5. O-O Bd7 6. c3 a6 7. Ba4 Be7 8. Re1 O-O 9. Nbd2 Re8 10. Nf1 Bf8 11. Bg5 h6 12. Bh4 g5 13. Bg3 b5 14. Bc2 Bg7 15. Ne3 Ne7 16. h4 g4 17. Nh2 Qc8 18. d4 Nh5 19. Nhxg4 Nxg3 20. fxg3 exd4 21. cxd4 Nc6 22. Nf5 Bxf5 23. exf5 Rxe1+ 24. Qxe1 Nxd4 25. Be4 c6 26. Qf2 d5 27. Bd3 Qd7 28. Nxh6+ Bxh6 29. Qxd4 Qa7 30. Qxa7 Rxa7 31. Re1 Kf8 32. g4 Bf4 33. f6 Bg3 34. Rc1 Rc7 35. h5 Bh4 36. Rf1 Bg5 37. Rf5 Be3+ 38. Kf1 Kg8 39.
g5 c5 40. Re5 Kf8 41. Rxe3 c4 42. Re5 cxd3 43. Rxd5 Ke8 44. Rxd3 Rc5 45. Rg3 Rc1+ 46. Kf2 Rh1 47. Rh3 Rb1 48. h6 Rxb2+ 49. Kg1 1-0

[Event "*** Titled Tuesday 3|2 Blitz"]
[Site "Chess.com"]
[Date "2017.06.06"]
[Round "7"]
[White "GianmarcoVaR"]
[Black "Vice64"]
[Result "1-0"]
[WhiteElo "2442"]
[BlackElo "2318"]
[TimeControl "180+2"]
[EndTime "15:21:44 PDT"]
[Termination "GianmarcoVaR won by resignation"]

1. d4 Nf6 2. c4 g6 3. g3 Bg7 4. Bg2 d6 5. Nc3 O-O 6. Nf3 Nbd7 7. O-O e5 8. e4 exd4 9. Nxd4 Re8 10. h3 Nc5 11.
Re1 a5 12. b3 Bd7 13. Bf4 Nh5 14. Be3 Nf6 15. Qc2 h6 16. Ndb5 Qc8 17. Kh2 h5 18. Bd4 Ne6 19. Be3 h4 20. g4 g5 21. Rad1 Nh7 22. Nd5 Be5+ 23. Kg1 Bxb5 24. cxb5 Qd8 25. a4 Qd7 26. Rc1 Rac8 27. Qd2 b6 28. b4 axb4 29. Nxb4 Nf4 30. Bf1 Ne6 31. Nd5 Qd8 32. Rc4 Nhf8 33. Rec1 Ng6 34. Nxb6 Rb8 35. Nd5 Ngf4 36. Nxc7 Nxc7 37.
Rxc7 Qf6 38. b6 d5 39. exd5 Bxc7 40. bxc7 Rb2 41. Qd4 Qxd4 42. Bxd4 Rb4 43. c8=Q Rxc8 44. Rxc8+ Kh7 45. Bc3 Rb1 46. d6 Ne2+ 47. Kg2 Nf4+ 48.
Kf3 Rxf1 49. d7 Ne6 50. d8=Q Nxd8 51. Rxd8 Rc1 52. Bd4 Rc4 53. a5 Ra4 54. a6 Ra3+ 55. Be3 f5 56. a7 1-0

[Event "*** Titled Tuesday 3|2 Blitz"]
[Site "Chess.com"]
[Date "2017.06.06"]
[Round "7"]
[White "Paul66666"]
[Black "ArnaudovP"]
[Result "1/2-1/2"]
[WhiteElo "2552"]
[BlackElo "2426"]
[TimeControl "180+2"]
[EndTime "15:21:46 PDT"]
[Termination "Game drawn by repetition"]

1. d4 Nf6 2. Bg5 Ne4 3. h4 c5 4. dxc5 Qa5+ 5. Nd2 Nxg5 6. hxg5 Qxc5 7. g6 fxg6 8. Ngf3 d6 9. c3 e5 10. e3 Be6 11. Bd3 Bf5 12. Qc2 Qc8 13. Ne4 Be7 14. Ng3 Bxd3 15. Qxd3 Qe6 16. Qb5+ Nd7 17. O-O-O Qxa2 18. Ne4 a6 19. Qd3 O-O 20. Nxd6 Bxd6 21. Qxd6 e4 22. Qxd7 exf3 23. Qh3 h6 24. gxf3 Rad8 25. f4 a5 26. Qf3 a4 27. Qxb7 a3 28. Kc2 axb2 29.
Qb3+ Qxb3+ 30. Kxb3 Rb8+ 31. Kc2 Rf6 32. Rb1 Rfb6 33. Rhd1 h5 34. Rd5 Kh7 35. Kd3 Kh6 36. c4 Rb3+ 37. Kc2 R3b4 38. Kc3 Rb3+ 39. Kc2 R3b7 40.
Kc3 Rb3+ 41. Kc2 1/2-1/2

[Event "*** Titled Tuesday 3|2 Blitz"]
[Site "Chess.com"]
[Date "2017.06.06"]
[Round "7"]
[White "Abrito99"]
[Black "cstefan"]
[Result "0-1"]
[WhiteElo "2322"]
[BlackElo "2204"]
[TimeControl "180+2"]
[EndTime "15:21:51 PDT"]
[Termination "cstefan won by resignation"]

1. e4 d5 2. exd5 Qxd5 3. Nc3 Qd6 4. g3 Nf6 5. Bg2 Nc6 6. d3 Bg4 7. f3 Bh5 8. Nge2 a6 9. Be3 e5 10. O-O Be7 11. Qd2 h6 12. Ne4 Nxe4 13. fxe4 Rd8 14.
Nc3 Nd4 15. Rf2 O-O 16. Nd5 c6 17. Nxe7+ Qxe7 18. Raf1 Kh7 19. Bh3 Kg8 20. c3 Ne6 21. Bf5 Bg6 22. Bh3 Bxe4 23. d4 exd4 24. cxd4 c5 25.
d5 Rxd5 26. Qc1 b6 27. Re1 Bg6 28. Bg2 Rdd8 29. Bf1 Qd6 30. Bxa6 Nd4 31. Bxd4 Qxd4 32. Qf4 Qxf4 33. gxf4 Bf5 34. Bc4 Rd4 35. b3 Rd7 36. Re5 Bd3 37. Rd2 Rfd8 38. Bxd3 Rxd3 39. Rxd3 Rxd3 40. Re8+ Kh7 41. Re7 Rd1+ 42. Kg2 Rd2+ 43. Kg3 Rxa2 44. Rb7 Ra3 45. Rxb6 c4 46. Kg4 Rxb3 47.
Rb7 0-1

[Event "*** Titled Tuesday 3|2 Blitz"]
[Site "Chess.com"]
[Date "2017.06.06"]
[Round "7"]
[White "Drags95"]
[Black "AkshatChandra"]
[Result "0-1"]
[WhiteElo "2545"]
[BlackElo "2740"]
[TimeControl "180+2"]
[EndTime "15:21:55 PDT"]
[Termination "AkshatChandra won by resignation"]

1. d4 Nf6 2. c4 e6 3. Nf3 b6 4. g3 Bb7 5. Bg2 Be7 6. O-O O-O 7.
Re1 Na6 8. Nc3 Ne4 9. Bd2 Nxc3 10. Bxc3 Be4 11. Ne5 Bxg2 12. Kxg2 c5 13. d5 Bf6 14.
Qa4 Nb8 15. Rad1 Qc7 16. Nf3 Bxc3 17. bxc3 e5 18. d6 Qb7 19. Rd5 Nc6 20. Qc2 f6 21.
Nh4 Na5 22. Qe4 Qa6 23. Qg4 Qxc4 24. e4 Rf7 25. Nf5 Kh8 26. Ne7 Rd8 27. Qh5 Rdf8 28. Re3 Nc6 29. Nxc6 dxc6 30. d7 g6 31. Qg4 cxd5 32.
Qe6 Rg7 33. exd5 Qa4 34. Qd6 Rd8 35. Qxf6 Qxd7 36. Rxe5 Kg8 37. d6 Rf7 38. Qg5 Qxd6 39. Qe3 Qc6+ 40. f3 Rdf8 41. h4 Rxf3 0-1

[Event "*** Titled Tuesday 3|2 Blitz"]
[Site "Chess.com"]
[Date "2017.06.06"]
[Round "7"]
[White "penguingm1"]
[Black "Keranke"]
[Result "1-0"]
[WhiteElo "2616"]
[BlackElo "2662"]
[TimeControl "180+2"]
[EndTime "15:22:01 PDT"]
[Termination "penguingm1 won by resignation"]

1. d4 d5 2. Bf4 c5 3. e3 Nc6 4.
Nf3 Nf6 5. Nbd2 Bg4 6. c3 e6 7. Qb3 Qb6 8. h3 Bh5 9. Qxb6 axb6 10. Bb5 Nd7 11. Ne5 Ndxe5 12. Bxe5 Kd7 13. a4 Bd6 14. Bxd6 Kxd6 15. g4 Bg6 16. Ke2 h5 17. g5 h4 18.
f3 c4 19. e4 Na7 20. Ke3 f6 21. gxf6 gxf6 22. Rhg1 Rhg8 23. f4 Nxb5 24. e5+ fxe5 25. dxe5+ Kc5 26. axb5 Rxa1 27. Rxa1 Bf5 28. Nf3 Rg3 29. Kf2 Kxb5 30. Nxh4 Rxh3 31. Nf3 Be4 32. Nd4+ Kc5 33. Nxe6+ Kc6 34. Nd4+ Kc7 35. f5 Rh5 36.
f6 Kd7 37. e6+ Kd6 38. Rg1 Rh6 39. f7 Rf6+ 40. Ke3 Bf5 41. Rg8 Bxe6 42. f8=Q+ 1-0

[Event "*** Titled Tuesday 3|2 Blitz"]
[Site "Chess.com"]
[Date "2017.06.06"]
[Round "7"]
[White "Enzy63"]
[Black "AllStarShark"]
[Result "1-0"]
[WhiteElo "2050"]
[BlackElo "2281"]
[TimeControl "180+2"]
[EndTime "15:22:05 PDT"]
[Termination "Enzy63 won by checkmate"]

1. d4 d5 2. Nf3 Nf6 3. c4 dxc4 4.
e3 Bg4 5. Bxc4 e6 6. h3 Bh5 7. Nc3 Nc6 8. Bb5 Bd6 9. Bxc6+ bxc6 10. e4 Bb4 11. Qa4 Bxc3+ 12. bxc3 O-O 13. Qxc6 Rb8 14. Nd2 Rb6 15. Qc4 Bg6 16. Qe2 c5 17. dxc5 Rc6 18. O-O Re8 19. Ba3 Qa5 20. Bb4 Qa4 21. Qd1 Qb5 22. Nb3 Nxe4 23. Nd4 Qb7 24. Nxc6 Qxc6 25. Qf3 Qb5 26. Rfd1 h6 27. a4 Qc4 28.
Rd4 Qb3 29. Rxe4 Qb2 30. Rd1 Bxe4 31. Qxe4 Qb3 32. Rd7 Qxa4 33. Qb7 Qa1+ 34. Kh2 Qc1 35. Qc7 e5 36. g3 Qd2 37. Rxd2 e4 38. Rd7 e3 39.
fxe3 Rxe3 40. Rxf7 Re2+ 41. Kg1 Re6 42. Rxg7+ Kh8 43. Rh7+ Kg8 44. Qf7# 1-0

[Event "*** Titled Tuesday 3|2 Blitz"]
[Site "Chess.com"]
[Date "2017.06.06"]
[Round "7"]
[White "Wolverine_master"]
[Black "TamNguyen2"]
[Result "0-1"]
[WhiteElo "1987"]
[BlackElo "2128"]
[TimeControl "180+2"]
[EndTime "15:22:06 PDT"]
[Termination "TamNguyen2 won by checkmate"]

1. Nf3 Nf6 2. g3 g6 3. c4 Bg7 4. Bg2 O-O 5. O-O c5 6. Nc3 d6 7.
a3 Nc6 8. Rb1 a5 9. d3 Rb8 10. Ne1 e5 11. Bg5 h6 12. Bxf6 Bxf6 13. Nc2 Bg7 14. b4 axb4 15. axb4 Nd4 16. e3 Ne6 17.
bxc5 Nxc5 18. d4 Ne6 19. Nd5 Bd7 20. dxe5 dxe5 21. f4 exf4 22. exf4 Re8 23. h3 Nc5 24. Kh2 Bc6 25. Ncb4 Ba4 26. Qg4 Bd7 27. Qf3 Bf5 28.
Rbe1 Ne6 29. g4 Nd4 30. Qf2 Be6 31. Nd3 b5 32. Ne5 Bxe5 33. fxe5 Nc6 34. Nf6+ Kg7 35. Nxe8+ Qxe8 36. Qf6+ Kg8 37. cxb5 Rxb5 38. Bxc6 Qxc6 39.
Rf2 Qc3 40. Ree2 Rb1 41. Qd8+ Kh7 42. Qf6 Bd5 43. g5 Rh1# 0-1

[Event "*** Titled Tuesday 3|2 Blitz"]
[Site "Chess.com"]
[Date "2017.06.06"]
[Round "7"]
[White "hassler2"]
[Black "ProfCalculus"]
[Result "1-0"]
[WhiteElo "2298"]
[BlackElo "2148"]
[TimeControl "180+2"]
[EndTime "15:22:15 PDT"]
[Termination "hassler2 won on time"]

1. Na3 e5 2. b3 Nf6 3. Bb2 d6 4. e3 g6 5. d4 Nbd7 6. Nf3 Qe7 7. Nc4 e4 8. Ng1 Bg7 9. Ne2 O-O 10. h4 h5 11. Nf4 Re8 12. Be2 Nf8 13. a4 a5 14.
Qd2 b6 15. O-O-O Ne6 16. Nxe6 Bxe6 17. f3 Bd5 18. f4 Be6 19. Na3 Bg4 20. Kb1 Bxe2 21.
Qxe2 d5 22. c4 c6 23. Rc1 Ng4 24. cxd5 cxd5 25. Nb5 Rac8 26. Ba3 Qd7 27. Bd6 Rxc1+ 28. Rxc1 Rc8 29. Bc7 Bf8 30. Bxb6 Rxc1+ 31. Kxc1 Bb4 32. Kb2 Qc6 33. Bc7 Kf8 34. f5 gxf5 35. Bf4 Ke7 36. g3 Kd7 37. Bg5 Bd6 38. Bf4 Bxf4 39. gxf4 Nf6 40.
Qe1 Ng4 41. Qe2 Ke6 42. Nc3 Kf6 43. Qd2 Ke6 44. Nb5 Kd7 45. Nc3 Ke6 46. Ne2 Qb6 47. Nc3 Qb4 48. Qc1 Nf2 49. Ka2 Nd3 50. Qd2 1-0

[Event "*** Titled Tuesday 3|2 Blitz"]
[Site "Chess.com"]
[Date "2017.06.06"]
[Round "7"]
[White "Indianlad"]
[Black "Grebeniuk-S"]
[Result "1-0"]
[WhiteElo "2584"]
[BlackElo "2435"]
[TimeControl "180+2"]
[EndTime "15:22:18 PDT"]
[Termination "Indianlad won by resignation"]

1. e4 c5 2. Nf3 d6 3. d4 cxd4 4.
Nxd4 Nf6 5. Nc3 g6 6. f3 Bg7 7. Be3 O-O 8. Qd2 Nc6 9. Bc4 Bd7 10. h4 Rb8 11. h5 b5 12. Be2 b4 13.
Nd5 Nxd5 14. exd5 Nxd4 15. Bxd4 Bxd4 16. Qxd4 e5 17. dxe6 Bxe6 18. hxg6 fxg6 19. O-O-O b3 20. axb3 Qa5 21. Bc4 Qa1+ 22. Kd2 Qa5+ 23. Ke2 Rbe8 24. Kf2 Qf5 25. Bd3 Qf7 26. Ra1 Bf5 27. Rxa7 Re7 28. Bc4 Be6 29. Qxd6 Rfe8 30. Bxe6 Qxe6 31. Qxe6+ Rxe6 32. Rhxh7 Re2+ 33. Kg3 Rxc2 34. Rhg7+ Kh8 35. Rxg6 Ree2 36.
Kh3 Re1 37. Rg4 Rxb2 38. Ra5 Re7 39. Rh5+ Rh7 40. Rxh7+ Kxh7 41. b4 Kh6 42. Kg3 Kh5 43. Re4 Rb1 44. Kf4 Kg6 45. g4 Rb3 46. Rc4 Kf6 47. Rc6+ Kf7 48. Rb6 Ke7 49. g5 Rb1 50.
g6 Rg1 51. Kf5 Rd1 52. f4 Rd5+ 53. Kg4 Rd1 54. Kg5 Rd5+ 55. f5 Rd1 56. f6+ Ke8 57. Rb8+ Kd7 58. g7 Rg1+ 59. Kf5 Rf1+ 60. Ke5 Re1+ 61.
Kd4 Rd1+ 62. Kc3 1-0

[Event "*** Titled Tuesday 3|2 Blitz"]
[Site "Chess.com"]
[Date "2017.06.06"]
[Round "7"]
[White "FearlessKing64"]
[Black "Patov"]
[Result "0-1"]
[WhiteElo "2155"]
[BlackElo "2318"]
[TimeControl "180+2"]
[EndTime "15:22:21 PDT"]
[Termination "Patov won by checkmate"]

1. e4 c5 2. Nf3 Nc6 3. d4 cxd4 4.
Nxd4 Qb6 5. Nb3 e6 6. Nc3 Nf6 7. Be3 Qc7 8. Bd3 a6 9. O-O b5 10. f4 d6 11. Qe1 Bb7 12. Qg3 Be7 13. Rae1 O-O 14. f5 Ne5 15. Bh6 Neg4 16. Bxg7 Kxg7 17. h3 Kh8 18. hxg4 Rg8 19. Be2 b4 20. Nd1 Nxe4 21.
Qe3 Bg5 22. Qd4+ e5 23. Qxb4 Rab8 24. Qa5 Qxc2 25. Bf3 f6 26. Re2 Qd3 27. Bxe4 Bxe4 28. Qe1 Bb7 29. Nf2 Qg3 30. Ne4 Qxe1 31. Rfxe1 Bh4 32.
Rd1 Rxg4 33. Nxd6 Bf3 34. Red2 Bg5 35. Nf7+ Kg7 36. Nxg5 Rxg5 37. Rd7+ Kh6 38. R1d2 Rbg8 39. Kf1 Rxg2 40. Rxg2 Rxg2 41. Rd6 Rxb2 42. Rxf6+ Kg5 43. Rf7 h5 44. Nc5 h4 45. Ne6+ Kg4 46. f6 Bd5 47. Rg7+ Kf3 48. Ng5+ Ke3 49. Kg1 Rb1+ 50. Kh2 Rh1# 0-1

[Event "*** Titled Tuesday 3|2 Blitz"]
[Site "Chess.com"]
[Date "2017.06.06"]
[Round "7"]
[White "ChessQueen"]
[Black "olgerts_indricans"]
[Result "1-0"]
[WhiteElo "2499"]
[BlackElo "2298"]
[TimeControl "180+2"]
[EndTime "15:22:23 PDT"]
[Termination "ChessQueen won by resignation"]

1. e4 c5 2. Nf3 e6 3. d4 cxd4 4. Nxd4 Nc6 5. Nc3 Qc7 6. Be2 Nf6 7. Be3 Be7 8. f4 d6 9. Qd2 a6 10. O-O-O Nxd4 11. Qxd4 O-O 12. e5 dxe5 13. fxe5 Nd5 14. Nxd5 exd5 15. Bd3 Be6 16. Rhe1 Rfc8 17. Kb1 Bc5 18.
Qh4 g6 19. Bg5 Qb6 20. Bf6 Ba3 21. b3 a5 22. Qh6 Bf8 23. Qe3 Bc5 24. Qh6 Bf8 25. Qe3 d4 26. Qg3 a4 27. Re2 Rc3 28.
Rdd2 Bh6 29. Bg5 Bg7 30. h4 Qa5 31. h5 Bxe5 32. Rxe5 Qb4 33. hxg6 hxg6 34. Rxe6 axb3 35. Rxg6+ fxg6 36. cxb3 Qc5 37. Rc2 Rxc2 38. Bxc2 Qa3 39. Qd3 Qxa2+ 40. Kc1 Qa1+ 41. Kd2 Qc3+ 42. Qxc3 dxc3+ 43. Kxc3 Kg7 44. Be3 Rc8+ 45. Kb2 Kf6 46. g4 g5 47.
Bd4+ Kf7 48. Bf5 Rd8 49. Be3 Rd5 50. Bxg5 Rd1 51. Kc2 Rg1 52. Be3 Kf6 53. Bxg1 1-0

[Event "*** Titled Tuesday 3|2 Blitz"]
[Site "Chess.com"]
[Date "2017.06.06"]
[Round "7"]
[White "silverback96"]
[Black "Kawhi_Leonard2"]
[Result "0-1"]
[WhiteElo "2122"]
[BlackElo "2203"]
[TimeControl "180+2"]
[EndTime "15:22:24 PDT"]
[Termination "Kawhi_Leonard2 won by resignation"]

1. d4 Nf6 2. c4 c5 3. d5 e6 4. Nc3 exd5 5. cxd5 d6 6. Nf3 g6 7. g3 Bg7 8. Bg2 O-O 9. O-O a6 10. a4 Nbd7 11. Bf4 Qe7 12. h3 Nh5 13. Bg5 f6 14. Bd2 f5 15. Bg5 Qf7 16. e4 f4 17.
Qd2 h6 18. Bxf4 Nxf4 19. Qxf4 Qxf4 20. gxf4 Rxf4 21. Rfe1 Ne5 22. Nxe5 Bxe5 23. Rab1 Bd7 24. Rf1 Raf8 25. f3 Rh4 26. Rf2 Bd4 27. Ne2 Bxf2+ 28. Kxf2 Rxe4 29. Nc3 Rb4 30. b3 g5 31. Bf1 b5 32. axb5 axb5 33. Bd3 Rbf4 34. Be2 b4 35. Ne4 Rxe4 36. Ra1 Ref4 37. Ra7 Bxh3 38. Kg3 Bf5 39. Re7 Bc2 40. Bb5 Bxb3 41. Bd7 Bc4 42.
Be6+ Kh8 43. Rd7 Rxf3+ 44. Kg4 Be2 45. Kh5 R3f6+ 46. Bg4 Bxg4+ 47. Kxg4 Rb8 48. Kh5 b3 49. Kg4 b2 50. Kh5 b1=Q 51. Re7 Qg6+ 52. Kg4 Rf4+ 53. Kg3 Rb3+ 54. Kg2 Qc2+ 0-1